 Dungeon Crawl Stone Soup version 0.30.0-29-ga12c61a403 (webtiles) character file.

Game seed: 14780918918267015142

1151 safid the Chiller (level 8, -8/64 HPs)
             Began as a Merfolk Ice Elementalist on June 15, 2023.
             Mangled by a hornet zombie (10 damage)
             ... on level 6 of the Dungeon.
             The game lasted 00:07:32 (4997 turns).

safid the Chiller (Merfolk Ice Elementalist)        Turns: 4997, Time: 00:07:32

Health: -8/64      AC: 13    Str:  9    XL:     8   Next: 38%
Magic:  11/16      EV: 13    Int: 16    God:
Gold:   227        SH:  0    Dex: 20    Spells: 10/17 levels left

rFire   . . .        q - +1 spear (venom)
rCold   . . .        (no shield)
rNeg    . . .        a - +0 robe
rPois   .            r - +0 helmet
rElec   .            (no cloak)
rCorr   .            (no gloves)
SInv    .            n - +1 pair of boots
Will    .....        h - amulet of the acrobat
Stlth   ++           g - ring of wizardry
HPRegen 0.30/turn    o - +6 ring of dexterity
MPRegen 0.15/turn

%: acrobat, wizardry (x1)
@: mighty, brilliant, ice-armoured
A: (nimble swimmer 2), mertail
a: no special abilities


You were on level 6 of the Dungeon.
You visited 1 branch of the dungeon, and saw 6 of its levels.

You collected 227 gold pieces.

Inventory:

Hand Weapons
 q - a +1 spear of venom (weapon)
Armour
 a - a +0 robe (worn)
 n - a +1 pair of boots (worn)
 r - a +0 helmet (worn)
Jewellery
 g - a ring of wizardry (left hand)
 h - an amulet of the acrobat (around neck)
 o - a +6 ring of dexterity (right hand)
Wands
 p - a wand of digging (7)
 z - a wand of acid (4)
Scrolls
 e - a scroll of blinking
 f - 2 scrolls of fog
 m - 3 scrolls of fear
 t - 3 scrolls of enchant armour
 y - a scroll of teleportation
 A - a scroll of noise {unknown}
Potions
 b - a potion of magic
 c - a potion of brilliance
 j - a potion of might
 k - 10 potions of curing
 s - a potion of mutation {unknown}
 u - a potion of degeneration {unknown}
 v - 2 potions of heal wounds {unknown}
 x - a potion of haste {unknown}


   Skills:
 + Level 5.9 Fighting
 - Level 2.6 Dodging
 - Level 2.1 Stealth
 + Level 5.4 Spellcasting
 + Level 7.6 Ice Magic


You had 10 spell levels left.
You knew the following spells:

 Your Spells              Type           Power      Damage    Failure   Level
a - Freeze                Ice            100%       1d10      1%          1
b - Frozen Ramparts       Ice            86%        1d13      1%          3
c - Ozocubu's Armour      Ice            43%        N/A       1%          3

Your spell library contained the following spells:

 Spells                   Type           Power      Damage    Failure   Level
 Summon Ice Beast         Ice/Summ       24%        N/A       12%         4


Dungeon Overview and Level Annotations

Branches:
Dungeon (6/15)
 Temple: D:4-7

Altars:
Ashenzari
Qazlal
Sif Muna
Xom


Innate Abilities, Weirdness & Mutations

((You are very nimble when in or above water. (Stealth+, EV+, Speed+++)))
Your lower body shifts to a powerful aquatic tail in water.


Message History

You are too injured to fight recklessly!
You are too injured to fight recklessly!
You are too injured to fight recklessly!
You are too injured to fight recklessly!
Unknown command.
You barely miss the hornet zombie.
The hornet zombie is moderately damaged.
Your icy armour evaporates.
The hornet zombie hits you but does no damage.
Unknown command.
You hit the hornet zombie but do no damage.
The hornet zombie is moderately damaged.
The hornet zombie hits you but does no damage.
The hornet zombie hits you!
* * * LOW HITPOINT WARNING * * *
Unknown command.
Unknown command.
It was a potion of brilliance.
You feel clever all of a sudden.
The hornet zombie hits you but does no damage.
It was a potion of might.
You feel very mighty all of a sudden. The hornet zombie closely misses you.
Casting: Frozen Ramparts (safe; 1% risk of failure)
Confirm with . or Enter, or press ? or * to list all spells.
You feel a surge of power! A film of ice covers your body!
The hornet zombie hits you but does no damage.
The hornet zombie hits you!
* * * LOW HITPOINT WARNING * * *
The hornet zombie closely misses you.
Unknown command.
You puncture the hornet zombie!
The hornet zombie is heavily damaged.
The hornet zombie hits you!
* * * LOW HITPOINT WARNING * * *
The hornet zombie hits you but does no damage.
You hit the hornet zombie.
The hornet zombie is heavily damaged.
The hornet zombie hits you!
You die...

#.##
#..#####
###......###
#...........
#.#...8...#
#. ...:...#
#.##.....#
#.@ZZ.#
#######


You could see a bullfrog zombie and a hornet zombie.

Vanquished Creatures
  Sigmund (D:3)
  Eustachio (D:5)
  Duvessa (D:5)
  A sky beast (D:6)
  A black bear (D:5)
  A phantom (D:5)
  A scorpion (D:4)
  Dowan (D:5)
  2 hounds
  An orc priest (D:5)
  Terence (D:3)
  Jessica (D:3)
  2 iguanas
  An orc wizard (D:3)
  Robin (D:3)
  6 adders
  A worm (D:2)
  15 dart slugs
  10 orcs
  A bat (D:3)
  4 endoplasms
  2 giant cockroaches
  9 goblins (D:3)
  7 hobgoblins
  6 jackals
  4 kobolds
  4 ball pythons
  A rat (D:1)
87 creatures vanquished.

Notes
Turn   | Place    | Note
-------+----------+-------------------------------------------
     0 | D:1      | safid the Merfolk Ice Elementalist began the quest for the
                  | Orb.
     0 | D:1      | Reached XP level 1. HP: 13/13 MP: 3/3
     3 | D:1      | Noticed an electric eel
     4 | D:1      | Noticed an electric eel
   685 | D:1      | Reached XP level 2. HP: 18/20 MP: 5/5
   768 | D:1      | Reached skill level 1 in Fighting
  1200 | D:2      | Reached XP level 3. HP: 26/26 MP: 2/6
  1332 | D:2      | Found a shimmering blue altar of Sif Muna.
  1788 | D:3      | Reached skill level 5 in Ice Magic
  1816 | D:3      | Reached XP level 4. HP: 28/33 MP: 8/8
  1853 | D:3      | Learned a level 3 spell: Frozen Ramparts
  1869 | D:3      | Learned a level 3 spell: Ozocubu's Armour
  1882 | D:3      | Noticed Sigmund
  1952 | D:3      | Noticed Jessica
  1960 | D:3      | Killed Jessica
  2021 | D:3      | Killed Sigmund
  2022 | D:3      | Reached XP level 5. HP: 30/41 MP: 0/10
  2022 | D:3      | Reached XP level 6. HP: 34/47 MP: 0/11
  2226 | D:3      | Noticed Robin
  2243 | D:3      | Killed Robin
  2537 | D:3      | Reached skill level 6 in Ice Magic
  2594 | D:3      | Noticed Terence
  2605 | D:3      | Killed Terence
  3275 | D:4      | Reached XP level 7. HP: 41/54 MP: 6/13
  3340 | D:4      | Found a broken altar of Ashenzari.
  3866 | D:5      | Entered Level 5 of the Dungeon
  3980 | D:5      | Noticed Eustachio
  4001 | D:5      | Killed Eustachio
  4101 | D:5      | Reached skill level 5 in Fighting
  4101 | D:5      | Reached skill level 7 in Ice Magic
  4163 | D:5      | Found a shimmering altar of Xom.
  4332 | D:5      | Reached skill level 5 in Spellcasting
  4332 | D:5      | Reached XP level 8. HP: 23/63 MP: 10/15
  4481 | D:5      | Noticed Duvessa
  4481 | D:5      | Noticed Dowan
  4492 | D:5      | Killed Dowan
  4495 | D:5      | Killed Duvessa
  4682 | D:5      | Found a stormy altar of Qazlal.
  4996 | D:6      | HP: 2/64 [hornet zombie (10)]
  4997 | D:6      | Mangled by a hornet zombie

Illustrated notes

Levels and vault maps discovered:
D:1:      arrival_aquarium_b, layout_loops_corners
D:2:      layout_loops_ring, basic_altar
D:3:      kennysheep_slugbush, layout_basic, uniq_robin, uniq_terence,
          uniq_sigmund, uniq_jessica
D:4:      layout_gridville, mainiacjoe_overflow_24_doors,
          kennysheep_generic_room_10
D:5:      layout_loops_ring, nicolae_qazlal_general_emergency,
          mainiacjoe_overflow_concentric_impassable, uniq_duvessa,
          uniq_eustachio
D:6:      layout_loops_corners, fedhas_altar_3, serial_undead, serial_undead_f,
          serial_undead_c, serial_undead_d, serial_undead_c,
          cheibrodos_sewer_entry_bend, minmay_misc_feat_hallway, st_stairs_11,
          kennysheep_nondescript, minmay_increasing_density

Skill      XL: |  1  2  3  4  5  6  7 |
---------------+----------------------+-----
Fighting       | 1 2 3 4 5 |  5.9
Ice Magic      | 5 6 7 |  7.6
Spellcasting   | 3 4 5 |  5.4
Dodging        | |  2.6
Stealth        | |  2.1

Action                     |  1- 3 |  4- 6 |  7- 9 || total
---------------------------+-------+-------+-------++-------
  Melee: Hand axe          |    75 |     9 |       ||    84
         Tailslap          |     9 |     1 |       ||    10
         Punch             |     1 |     3 |       ||     4
         Spear             |       |    76 |   126 ||   202
   Cast: Freeze            |    17 |     9 |     6 ||    32
         Frozen Ramparts   |       |     9 |     8 ||    17
         Ozocubu's Armour  |       |     7 |     7 ||    14
    Use: Scroll            |       |       |     8 ||     8
         Potion            |       |       |     2 ||     2
   Stab: Sleeping          |     3 |     3 |     3 ||     9
         Distracted        |       |     1 |       ||     1
 Armour: Robe              |     5 |    19 |    49 ||    73
  Dodge: Dodged            |    55 |    57 |    67 ||   179
